 Dungeon Crawl Stone Soup version 0.15.2 (webtiles) character file.

79 kae the Insei (level 4, -7/35 HPs)
             Began as a Draconian Transmuter on Dec 28, 2014.
             Killed from afar by Sigmund (8 damage)
             ... with a magic dart
             ... on Level 2 of the Dungeon.
             The game lasted 00:02:00 (2179 turns).

kae the Insei (Draconian Transmuter)                Turns: 2179, Time: 00:02:00

HP  -7/35        AC  5     Str 12      XL: 4   Next: 16%
MP   2/7         EV 12     Int 13      God:
Gold 45          SH  0     Dex 13      Spells:  2 memorised,  3 levels left

rFire  . . .     SeeInvis .       - Unarmed
rCold  . . .     Clarity  .     (armour unavailable)
rNeg   . . .     rCorr    .     (no shield)
rPois  .         rRot     .     (helmet restricted)
rElec  .         Spirit   .     (no cloak)
SustAb .         Warding  .     (no gloves)
rMut   .         Stasis   .     (no boots)
Gourm  .                        (no amulet)
MR     .....                    (no ring)
                                (no ring)

@: very slightly contaminated, not resistant to hostile enchantments, very
unstealthy
A: unfitting armour, cold-blooded, AC +5
a: no special abilities


You were on level 2 of the Dungeon.
You were hungry.

You visited 1 branch of the dungeon, and saw 2 of its levels.

You collected 45 gold pieces.

Inventory:

Missiles
 b - 12 arrows
 n - 11 poisoned arrows
Magical devices
 o - a wand of flame (19) {unknown}
Comestibles
 a - 2 bread rations
 k - 2 beef jerkies
 m - a rotting chunk of hobgoblin flesh
Scrolls
 c - 4 scrolls of identify {unknown}
 e - 2 scrolls of teleportation {unknown}
 f - a scroll of enchant weapon {unknown}
 h - a scroll of fear {unknown}
Jewellery
 g - an uncursed ring of wizardry {unknown}
 i - an uncursed amulet of resist corrosion {unknown}
Potions
 j - 2 potions of poison {unknown}
 l - a potion of cancellation {unknown}
Books
 d - a book of Changes

   Spells                             Type                      Level
   *Beastly Appendage                 Transmutation                1
   Sticks to Snakes                   Transmutation                2
   *Spider Form                       Transmutation/Poison         3
   Ice Form                           Ice/Transmutation            4
   Blade Hands                        Transmutation                5


   Skills:
 - Level 1.1 Fighting
 - Level 1.7 Dodging
 * Level 4.4 Unarmed Combat
 - Level 2.0 Spellcasting
 + Level 3.0 Transmutations


You had 3 spell levels left.
You knew the following spells:

 Your Spells              Type           Power        Failure   Level  Hunger
a - Beastly Appendage     Trmt           #.....       10%         1    ##.....
b - Spider Form           Trmt/Pois      #.........   38%         3    ####...


Dungeon Overview and Level Annotations

Branches:
Dungeon (2/15)

Altars:
Trog
Vehumet

Annotations:
D:2 2 exclusions, Sigmund


Innate Abilities, Weirdness & Mutations

Your plain brown scales are hard (AC +5).
Your body does not fit into most forms of armour.
Your cold-blooded metabolism reacts poorly to cold.


Message History

You are feeling hungry.
Something closely misses you.
You miss something. You hit something.
You hear some strange, mumbled words.
The puff of flame hits you!
You closely miss something. Something barely misses you.
You barely miss something. You closely miss something. Something hits you.
* * * LOW HITPOINT WARNING * * *
You barely miss something. Something barely misses you.
You hit something.
Your transformation has ended.
You completely miss something. You hit something. Something hits you!
* * * LOW HITPOINT WARNING * * *
You barely miss something.
Your tail-slap misses something.
You hear some strange, mumbled words.
The magic dart hits you!
You die...

.))...........## #.##.##...######
############### #.##.##......%..
# #..........# #.##.##....##### #
#.########.####.##.##....#.... #
#.# #..........##.##....#.#.#
####.# #.###.........##........#
...#.# #.# ############...##....
####.####.#########....'...+.....
................@...####...#..#.#
####.####.########..#............
#........# #..#.#.####.####
#.#.#############..#......#.....
#.#................##..##.######
##.###############.###..##.# ...#
#......##.# #### #####.###.# #.#
#.#


There were no monsters in sight!

Vanquished Creatures
  3 adders (D:2)
  2 worms (D:2)
  3 giant geckos
  4 bats (D:1)
  3 giant cockroaches
  4 goblins
  7 hobgoblins
  A ball python (D:1)
  4 giant newts
  A kobold (D:2)
  8 rats
40 creatures vanquished.

Notes
Turn   | Place    | Note
--------------------------------------------------------------
     0 | D:1      | kae, the Draconian Transmuter, began the quest for the Orb.
     0 | D:1      | Reached XP level 1. HP: 16/16 MP: 3/3
   157 | D:1      | Reached XP level 2. HP: 17/23 MP: 4/4
   789 | D:2      | Reached XP level 3. HP: 23/28 MP: 6/6
  1061 | D:2      | Reached skill level 4 in Unarmed Combat
  1349 | D:2      | Noticed Sigmund
  1440 | D:2      | Noticed a moth of wrath
  1442 | D:2      | Found a bloodstained altar of Trog.
  1652 | D:2      | Reached XP level 4. HP: 21/35 MP: 7/7
  1962 | D:2      | Found a radiant altar of Vehumet.
  2163 | D:2      | Learned a level 3 spell: Spider Form
  2178 | D:2      | HP: 1/35 [something (10)]
  2179 | D:2      | Killed from afar by Sigmund

Action                   |  1- 3 |  4- 6 || total
-------------------------+-------+-------++-------
Melee: Unarmed           |   166 |    26 ||   192
 Cast: Beastly Appendage |     4 |     1 ||     5
       Spider Form       |       |     1 ||     1
  Eat: Chunk             |     2 |     2 ||     4
